 Dungeon Crawl Stone Soup version 0.20.1-1-g8b1a95d (webtiles) character file.

67 keltmir the Skirmisher (level 3, -1/35 HPs)
             Began as a Minotaur Abyssal Knight on Oct 27, 2017.
             Was a Believer of Lugonu.
             Slain by Crazy Yiuf
             ... wielding a +3 quarterstaff of chaos
              (8 damage)
             ... on level 2 of the Dungeon.
             The game lasted 00:08:03 (1710 turns).

keltmir the Skirmisher (Minotaur Abyssal Knight)    Turns: 1710, Time: 00:08:04

Health: -1/35      AC:  3    Str: 17    XL:     3   Next: 98%
Magic:  0/3        EV: 11    Int:  9    God:    Lugonu [**....]
Gold:   75         SH:  0    Dex:  9    Spells: 2/2 levels left

rFire    . . .     SeeInvis .   a - +1 mace
rCold    . . .     Gourm    .   (no shield)
rNeg     . . .     Faith    .   b - +0 leather armour
rPois    .         Spirit   .   (helmet restricted)
rElec    .         Reflect  .   (no cloak)
rCorr    .         Harm     .   (no gloves)
MR       .....                  (no boots)
Stlth    +.........             (no amulet)
Regen    0.2/turn               (no ring)
MPRegen  0.1/turn               (no ring)

@: about to teleport, drained
A: retaliatory headbutt, horns 2
a: Depart the Abyss, Bend Space, Renounce Religion


You were on level 2 of the Dungeon.
You worshipped Lugonu.
Lugonu was pleased with you.
You were hungry.

You visited 1 branch of the dungeon, and saw 2 of its levels.
You visited the Abyss 1 time.

You collected 75 gold pieces.

Inventory:

Hand Weapons
 a - a +1 mace (weapon)
Armour
 b - a +0 leather armour (worn)
Jewellery
 d - an uncursed ring of ice {unknown}
Scrolls
 f - 3 scrolls of noise
 h - 2 scrolls of amnesia {unknown}
 l - a scroll of enchant weapon {unknown}
Potions
 e - a potion of degeneration {unknown}
 i - a potion of mutation {unknown}
Comestibles
 c - 3 bread rations
 k - a royal jelly


   Skills:
 + Level 4.9(4.5) Fighting
 * Level 3.5(3.2) Maces & Flails
 - Level 2.8(2.4) Armour
 - Level 1.1(0.7) Dodging
 - Level 2.0(1.7) Invocations


You had 2 spell levels left.
You didn't know any spells.

Dungeon Overview and Level Annotations

Branches:
Dungeon (2/15)

Altars:
Qazlal
Xom

Annotations:
D:2 Crazy Yiuf


Innate Abilities, Weirdness & Mutations

You reflexively headbutt those who attack you in melee.
You have a pair of horns on your head.


Message History

Crazy Yiuf hits you with a quarterstaff of chaos!
You feel drained. Space bends around you!
You blink.
Crazy Yiuf hits you with a quarterstaff of chaos!
* * * LOW HITPOINT WARNING * * *
You feel your power leaking away.
You don't have enough magic at the moment.
As you read the scroll labeled MIOBUM NOSHISI, it crumbles to dust.
You hear a loud clanging noise!
It was a scroll of noise.
Unknown command.
Okay, then.
As you read the scroll labeled TYEMAWNODI, it crumbles to dust.
You feel strangely unstable.
It was a scroll of teleportation.
Crazy Yiuf hits you with a quarterstaff of chaos.
* * * LOW HITPOINT WARNING * * *
Crazy Yiuf burns you.
* * * LOW HITPOINT WARNING * * *
Crazy Yiuf hits you with a quarterstaff of chaos!
You die...

♣♣.♣♣ #####.# #
♣.♣♣ #...#.### #
♣♣.♣ #.#.#...#
♣.♣♣ #.#...#.###
♣♣.♣ #.#..<#....
##'##
#[#........
#...#
#.#.######.
#.g.# ###.####
#. #@.)#
#......# #.
##### ###†##.#
#. #.##.# ##
########.##.#
#........##.#
###########.####
#..... ######
#.....


You could see Crazy Yiuf.

Vanquished Creatures
  3 adders (D:2)
  A worm (D:2)
  A dart slug (D:2)
  A leopard gecko (D:2)
  A ball python (D:2)
  A giant cockroach (D:1)
  3 goblins
  6 hobgoblins
  3 jackals (D:1)
  4 bats
  3 frilled lizards
  A kobold (D:2)
  6 rats
34 creatures vanquished.

Notes
Turn   | Place    | Note
-------+----------+-------------------------------------------
     0 | Abyss:1  | keltmir the Minotaur Abyssal Knight began the quest for the Orb.
     0 | Abyss:1  | Reached XP level 1. HP: 19/19 MP: 1/1
    85 | D:1      | Escaped the Abyss
   178 | D:1      | Reached skill level 4 in Fighting
   178 | D:1      | Reached XP level 2. HP: 26/27 MP: 2/2
   603 | D:2      | Found a stormy altar of Qazlal.
   705 | D:2      | Reached XP level 3. HP: 28/34 MP: 3/3
   796 | D:2      | Found a shimmering altar of Xom.
  1133 | D:2      | Reached ** piety under Lugonu
  1150 | D:2      | Found a runed door.
  1704 | D:2      | Noticed Crazy Yiuf
  1710 | D:2      | Slain by Crazy Yiuf

Skill      XL: |  1  2 |
---------------+-------+-----
Fighting       | 4 |  4.9
Invocations    | 2 |  2.0
Maces & Flails | 3 |  3.5
Armour         | |  2.8
Dodging        | |  1.1

Action                   || total
-------------------------++-------
Melee: Mace              ||    82
       Headbutt          ||     9
Invok: Bend Space        ||     1
  Use: Scroll            ||     2
  Eat: Chunk             ||     2
Armor: Leather armour    ||    27
Dodge: Dodged            ||    73
